 Dungeon Crawl Stone Soup version 0.28-a0-674-gdaf460b524 (webtiles) character file.

Game seed: 16261739101037685164

266 pokeman the Magician (level 6, -1/34 HPs)
             Began as a Deep Elf Hedge Wizard on Oct 17, 2021.
             Slain by an iguana (13 damage)
             ... on level 4 of the Dungeon.
             The game lasted 00:06:59 (4024 turns).

pokeman the Magician (Deep Elf Hedge Wizard)        Turns: 4024, Time: 00:07:00

Health: -1/34      AC:  3    Str: 13    XL:     6   Next: 0%
Magic:  6/17       EV: 12    Int: 21    God:
Gold:   140        SH:  0    Dex: 14    Spells: 7/18 levels left

rFire   . . .      SeeInvis .   n - +2 short sword (venom)
rCold   . . .      Faith    .   (no shield)
rNeg    . . .      Spirit   .   l - +0 leather armour
rPois   .          Reflect  .   c - +0 hat
rElec   .          Harm     .   (no cloak)
rCorr   .          Rampage  .   (no gloves)
Will    .....                   (no boots)
Stlth   ++........              (no amulet)
HPRegen 0.11/turn               o - +6 ring of strength
MPRegen 0.15/turn               (no ring)

@: no status effects
A: no striking features
a: no special abilities


You were on level 4 of the Dungeon.
You visited 1 branch of the dungeon, and saw 4 of its levels.

You collected 140 gold pieces.

Inventory:

Hand Weapons
 n - a +2 short sword of venom (weapon)
Missiles
 f - 19 arrows
 m - 21 bolts
Armour
 c - a +0 hat (worn)
 l - a +0 leather armour (worn)
Jewellery
 g - an amulet of guardian spirit
 o - a +6 ring of strength (left hand)
Scrolls
 b - a scroll of noise {unknown}
 d - 6 scrolls of identify {unknown}
 e - 3 scrolls of teleportation {unknown}
 j - a scroll of immolation {unknown}
 p - a scroll of enchant weapon {unknown}
 q - a scroll of blinking {unknown}
Potions
 a - a potion of heal wounds {unknown}
 h - a potion of curing {unknown}
 i - a potion of lignification {unknown}
 k - 2 potions of brilliance {unknown}


   Skills:
 + Level 1.0 Fighting
 - Level 1.0 Armour
 - Level 3.0 Dodging
 - Level 3.1 Stealth
 * Level 6.6 Spellcasting
 + Level 2.9 Conjurations
 - Level 1.1 Summonings
 - Level 1.1 Translocations
 - Level 1.2 Fire Magic
 - Level 1.2 Air Magic
 + Level 0.0 Poison Magic


You had 7 spell levels left.
You knew the following spells:

 Your Spells              Type           Power      Damage    Failure   Level
a - Magic Dart            Conj           76%        1d6       3%          1
b - Mephitic Cloud        Conj/Pois/Air  12%        N/A       19%         3
c - Call Imp              Summ           11%        N/A       11%         2
d - Blink                 Tloc           N/A        N/A       11%         2
e - Conjure Flame         Conj/Fire      15%        6-21      14%         3

Your spell library contained the following spells:

 Spells                   Type           Power      Damage    Failure   Level
 Static Discharge         Conj/Air       15%        N/A       8%          2
 Sting                    Tmut/Pois      28%        1d4       12%         1
 Poisonous Vapours        Pois/Air       18%        N/A       14%         2
 Slow                     Hex            7%         N/A       17%         2
 Olgreb's Toxic Radiance  Pois           7%         N/A       73%         4
 Lightning Bolt           Conj/Air       7%         1d20      80%         5
 Maxwell's Capacitive Co  Air            6%         ∞         100%        8


Dungeon Overview and Level Annotations

Branches:
Dungeon (4/15)
 Temple: D:4-7

Altars:
Qazlal
Ru
Xom
The Shining One


Message History

You feel clever.
Casting: Mephitic Cloud (quite dangerous; 19% risk of failure)
Confirm with . or Enter, or press ? or * to list all spells.
The spell is quite dangerous to cast (19% risk of failure)!
Continue anyway?
Aiming: Mephitic Cloud (quite dangerous; 19% risk of failure)
Press: ? - help, Shift-Dir - straight line, f - gnoll
Aim: a gnoll, wielding a +0 club and quivering a throwing net (confused, chance to affect: 91%)
The ball explodes into a vile cloud!
The stinking cloud engulfs the gnoll but does no damage. x2
You hear an angry hiss.
The gnoll is engulfed in noxious fumes.
The gnoll appears confused.
Unknown command.
The gnoll hits you from afar with a +0 spear!
Casting: Mephitic Cloud (quite dangerous; 19% risk of failure)
Confirm with . or Enter, or press ? or * to list all spells.
The spell is quite dangerous to cast (19% risk of failure)!
Continue anyway?
Aiming: Mephitic Cloud (quite dangerous; 19% risk of failure)
Press: ? - help, Shift-Dir - straight line, f - gnoll, p - gnoll
Aim: a gnoll, wielding a +0 spear (chance to affect: 91%)
The ball explodes into a vile cloud!
The stinking cloud engulfs the gnoll but does no damage.
The gnoll is engulfed in noxious fumes.
The gnoll appears confused.
The gnoll is engulfed in noxious fumes.
The gnoll appears confused.
Unknown command.
The gnoll is engulfed in noxious fumes.
The gnoll appears confused.
The gnoll hits you with a +0 club.
Things that are here:
a +0 club; a +0 dagger; a kobold corpse You hit the gnoll.
The gnoll is poisoned.
The gnoll is severely wounded.
The gnoll is engulfed in noxious fumes.
The gnoll appears confused.
A dart slug comes into view.
The gnoll barely misses you. The gnoll misses you.
The gnoll hits you with a +0 club.
An iguana comes into view.
The iguana hisses angrily.
Something unseen opens the door.
The iguana bites you!
You die...

....§# ......# .....#
#### #....#
#...###....##
#..>........# #..
#.....gg....' .##..
#...........# ....
#...@##..)..####+##..
#...l###'#####...##..
#..w.##.....##.......
#....#...............
#....#...............
#....#..........†[#..
#....#.$..>.##....###
#....#########....#
#....#


You could see an iguana, 2 gnolls and a dart slug (wandering).

Vanquished Creatures
  A scorpion (D:4)
  A water moccasin skeleton (D:4)
  Terence (D:2)
  An orc wizard (D:3)
  A gnoll (D:4)
  2 adders (D:2)
  2 worms (D:2)
  2 dart slugs
  3 orcs (D:3)
  4 ball pythons
  7 bats
  5 endoplasms
  5 giant cockroaches
  5 goblins
  6 hobgoblins
  4 jackals
  2 quokkas
  3 frilled lizards
  5 kobolds
  7 rats
67 creatures vanquished.

Notes
Turn   | Place    | Note
-------+----------+-------------------------------------------
     0 | D:1      | pokeman the Deep Elf Hedge Wizard began the quest for the
                  | Orb.
     0 | D:1      | Reached XP level 1. HP: 10/10 MP: 7/7
   419 | D:1      | Reached XP level 2. HP: 15/15 MP: 6/9
  1207 | D:1      | Reached skill level 5 in Spellcasting
  1262 | D:1      | Found a faded altar of an unknown god.
  1591 | D:2      | Noticed Terence
  1697 | D:2      | Found a sacrificial altar of Ru.
  1747 | D:2      | Reached XP level 3. HP: 20/20 MP: 6/11
  1751 | D:2      | Learned a level 3 spell: Mephitic Cloud
  1754 | D:2      | Learned a level 2 spell: Call Imp
  1757 | D:2      | Learned a level 2 spell: Blink
  1761 | D:2      | Learned a level 3 spell: Conjure Flame
  1803 | D:2      | Killed Terence
  1804 | D:2      | Reached skill level 1 in Fighting
  1804 | D:2      | Reached skill level 1 in Armour
  2102 | D:2      | Reached XP level 4. HP: 25/25 MP: 8/13
  2155 | D:2      | Found a shimmering altar of Xom.
  3198 | D:3      | Reached skill level 1 in Fire Magic
  3229 | D:3      | Reached skill level 6 in Spellcasting
  3455 | D:3      | Reached XP level 5. HP: 29/29 MP: 9/15
  3934 | D:4      | Found a stormy altar of Qazlal.
  3939 | D:4      | Found a glowing golden altar of the Shining One.
  3996 | D:4      | Reached skill level 1 in Air Magic
  4015 | D:4      | Reached XP level 6. HP: 22/34 MP: 11/17
  4024 | D:4      | Slain by an iguana

Illustrated notes

Levels and vault maps discovered:
D:1:      lightli_arrival_flooded_house, layout_basic,
          ebering_ecumenical_altar_sacrificial, patterned_corridor
D:2:      layout_loops_ring, basic_altar, minmay_hexomino_r4, uniq_terence
D:3:      wander_river, layout_basic
D:4:      layout_gridville, nemelex_diamond_rough_becter,
          mainiacjoe_overflow_concentric_impassable,
          mainiacjoe_overflow_catch_the_wave, portal_sewer_entry_b

Skill      XL: |  1  2  3  4  5 |
---------------+----------------+-----
Spellcasting   | 5 6 |  6.6
Fighting       | 1 |  1.0
Armour         | 1 |  1.0
Conjurations   | 2 |  2.9
Fire Magic     | 1 |  1.2
Dodging        | 3 |  3.0
Stealth        | 3 |  3.1
Air Magic      | 1 |  1.2
Summonings     | |  1.1
Translocations | |  1.1

Action                   |  1- 3 |  4- 6 || total
-------------------------+-------+-------++-------
Melee: Dagger            |    14 |       ||    14
       Short sword       |       |    15 ||    15
       Falchion          |       |     2 ||     2
 Cast: Magic Dart        |    87 |    64 ||   151
       Mephitic Cloud    |     1 |     7 ||     8
       Conjure Flame     |     1 |     3 ||     4
 Stab: Sleeping          |       |     1 ||     1
Armor: Robe              |    10 |       ||    10
       Leather armour    |       |     5 ||     5
Dodge: Dodged            |    36 |    18 ||    54

Table legend: (Time is in decaauts)
 A = Elapsed time spent in this place.
 B = Non-inter-level travel time spent in this place.
 C = Inter-level travel time spent in this place.
 D = Time resting spent in this place.
 E = Time spent auto-exploring this place.
 F = Levels seen in this place.
 G = Mean time per level.
                   A        B        C        D        E       F      G
               +--------+--------+--------+--------+--------+-----+--------+
         Total |   4034 |   3872 |    162 |    205 |   3142 |   4 | 1008.5 |
       Dungeon |   4034 |   3872 |    162 |    205 |   3142 |   4 | 1008.5 |
               +--------+--------+--------+--------+--------+-----+--------+

Top non-repeatable levels by time:
     D:1: 1709 daAuts
     D:2: 1144 daAuts
     D:3: 1086 daAuts
     D:4: 93 daAuts
